NCAA
SETON HALL PIRATES @ WASHINGTON STATE COUGARS
04/15/2029
 
TOP OF THE 1ST
Seton Hall Pirates batting - Pitching for Washington State Cougars : LHP Jeffrey Cox
Pitching: LHP Jeffrey Cox
Batting: RHB Ken Horn 0-0: Called Strike
0-1: Ball
1-1: Ball
2-1: Foul Ball, location: 2F
2-2: Foul Ball, location: 2F
2-2: Foul Ball, location: 2F
2-2: Foul Ball, location: 2F
2-2: Ball
3-2: Ground out 4-3 (Groundball, 4)
Batting: LHB Joe Rutherford 0-0: Ball
1-0: Called Strike
1-1: Ball
2-1: SINGLE (Flyball, 8LS)
Batting: SHB David Bennett 0-0: Ball
1-0: Ball
2-0: Ball
3-0: Base on Balls
Joe Rutherford to second
Batting: RHB Chris Rigney 0-0: Swinging Strike
0-1: Swinging Strike
0-2: Ball
1-2: Ball
2-2: Strikes out swinging
Batting: RHB Matt Hidalgo 0-0: Ball
1-0: Ball
2-0: Called Strike
2-1: Ball
3-1: Base on Balls
Joe Rutherford to third
David Bennett to second
Batting: LHB Vernon Riley 0-0: Ball
1-0: Fly out, F9 (Flyball, 89S)
Top of the 1st over - 0 runs, 1 hit, 0 errors, 3 left on base; Seton Hall 0 - Washington State 0
BOTTOM OF THE 1ST
Washington State Cougars batting - Pitching for Seton Hall Pirates : LHP Andy Fender
Pitching: LHP Andy Fender
Batting: RHB Merlin Dobbin 0-0: Foul Ball, location: 2F
0-1: Ball
1-1: Called Strike
1-2: Ball
2-2: Ball
3-2: Strikes out swinging
Batting: RHB Ian Hill 0-0: Called Strike
0-1: Foul Ball, location: 2F
0-2: Ball
1-2: SINGLE (Groundball, 34S) (infield hit)
Pitching: RHP Todd Adams
Batting: RHB Jesse Pérez 0-0: Foul Ball, location: 2F
0-1: Foul Ball, location: 2F
0-2: Fly out, F7 (Flyball, 7LM)
Batting: RHB Millard Cummings 0-0: Fly out, F4 (Popup, 34)
Bottom of the 1st over - 0 runs, 1 hit, 0 errors, 1 left on base; Seton Hall 0 - Washington State 0
TOP OF THE 2ND
Seton Hall Pirates batting - Pitching for Washington State Cougars : LHP Jeffrey Cox
Batting: RHB Ray Hernández 0-0: Ball
1-0: Ball
2-0: Foul Ball, location: 2F
2-1: Swinging Strike
2-2: Strikes out looking
Batting: LHB Turner Burns 0-0: Called Strike
0-1: Ground out 4-3 (Groundball, 4M)
Batting: RHB José Aponte 0-0: Ball
1-0: Ground out 5-3 (Groundball, 56)
Top of the 2nd over - 0 runs, 0 hits, 0 errors, 0 left on base; Seton Hall 0 - Washington State 0
BOTTOM OF THE 2ND
Washington State Cougars batting - Pitching for Seton Hall Pirates : RHP Todd Adams
Batting: SHB Jeff Page 0-0: Ball
1-0: Swinging Strike
1-1: Swinging Strike
1-2: SOLO HOME RUN (Flyball, 9D), Distance : 362 ft
Batting: LHB Andrew Guerrero 0-0: Fly out, F7 (Flyball, 7S)
Batting: RHB Julius Bell 0-0: Ball
1-0: Ground out 5-3 (Groundball, 56S)
Batting: RHB Charlie Owens 0-0: Called Strike
0-1: Foul Ball, location: 2F
0-2: Strikes out looking
Bottom of the 2nd over - 1 run, 1 hit, 0 errors, 0 left on base; Seton Hall 0 - Washington State 1
TOP OF THE 3RD
Seton Hall Pirates batting - Pitching for Washington State Cougars : LHP Jeffrey Cox
Batting: RHB Ken Horn 0-0: Ball
1-0: Ball
2-0: Called Strike
2-1: SINGLE (Groundball, 34D)
Batting: LHB Joe Rutherford 0-0: Called Strike
0-1: Ball
1-1: Ball
2-1: Fielders Choice at 2nd, 1-4 (Groundball, 15S)
Batting: SHB David Bennett 0-0: Called Strike
0-1: Foul Ball, location: 2F
0-2: Ball
1-2: Strikes out swinging
Batting: RHB Chris Rigney 0-0: Ball
1-0: Fly out, F7 (Flyball, 78M)
Top of the 3rd over - 0 runs, 1 hit, 0 errors, 1 left on base; Seton Hall 0 - Washington State 1
BOTTOM OF THE 3RD
Washington State Cougars batting - Pitching for Seton Hall Pirates : RHP Todd Adams
Batting: LHB Jorge Ramírez 0-0: Called Strike
0-1: Ball
1-1: Called Strike
1-2: SOLO HOME RUN (Flyball, 9LD), Distance : 330 ft
Batting: RHB Merlin Dobbin 0-0: Ground out 4-3 (Groundball, 4S)
Batting: RHB Ian Hill 0-0: Ball
1-0: Foul Ball, location: 2F
1-1: Swinging Strike
1-2: Ball
2-2: Ball
3-2: Base on Balls
Batting: RHB Jesse Pérez 0-0: Fly out, F3 (Popup, 23F)
Batting: RHB Millard Cummings 0-0: Called Strike
0-1: Ball
1-1: DOUBLE (Flyball, 3D)
Ian Hill to third
Batting: SHB Jeff Page 0-0: Ball
1-0: Called Strike
1-1: Ball
2-1: Fly out, F9 (Flyball, 89M)
Bottom of the 3rd over - 1 run, 2 hits, 0 errors, 2 left on base; Seton Hall 0 - Washington State 2
TOP OF THE 4TH
Seton Hall Pirates batting - Pitching for Washington State Cougars : LHP Jeffrey Cox
Batting: RHB Matt Hidalgo 0-0: Ball
1-0: Foul Ball, location: 2F
1-1: Called Strike
1-2: Ball
2-2: Strikes out swinging
Batting: LHB Vernon Riley 0-0: Ball
1-0: Called Strike
1-1: Ball
2-1: Ball
3-1: Foul Ball, location: 2F
3-2: Strikes out looking
Batting: RHB Ray Hernández 0-0: Called Strike
0-1: Foul Ball, location: 2F
0-2: Strikes out swinging, 2-3 out at first.
Top of the 4th over - 0 runs, 0 hits, 0 errors, 0 left on base; Seton Hall 0 - Washington State 2
BOTTOM OF THE 4TH
Washington State Cougars batting - Pitching for Seton Hall Pirates : RHP Todd Adams
Batting: LHB Andrew Guerrero 0-0: Ball
1-0: Ball
2-0: Ball
3-0: Called Strike
3-1: Base on Balls
Batting: RHB Julius Bell 0-0: Called Strike
0-1: Swinging Strike
0-2: Strikes out swinging
Andrew Guerrero is caught stealing 2nd base
Batter strikes out.
Batting: RHB Charlie Owens 0-0: Ball
1-0: Ball
2-0: Ball
3-0: Base on Balls
Batting: LHB Jorge Ramírez 0-0: Ball
1-0: Called Strike
1-1: Ball
2-1: Ball
3-1: Foul Ball, location: 2F
3-2: Foul Ball, location: 2F
3-2: Ground out 1-3 (Groundball, 13)
Bottom of the 4th over - 0 runs, 0 hits, 0 errors, 1 left on base; Seton Hall 0 - Washington State 2
TOP OF THE 5TH
Seton Hall Pirates batting - Pitching for Washington State Cougars : LHP Jeffrey Cox
Batting: LHB Turner Burns 0-0: Foul Ball, location: 2F
0-1: Fly out, F8 (Line Drive, 8LD)
Batting: RHB José Aponte 0-0: Ball
1-0: Called Strike
1-1: Foul Ball, location: 2F
1-2: Strikes out swinging
Batting: RHB Ken Horn 0-0: Ball
1-0: Ball
2-0: Ball
3-0: Called Strike
3-1: Base on Balls
Batting: LHB Joe Rutherford 0-0: Ball
1-0: Ball
2-0: Called Strike
2-1: Ball
3-1: Called Strike
3-2: Foul Ball, location: 2F
3-2: Base on Balls
Ken Horn to second
Pitching: RHP Emílio Marín
Batting: SHB David Bennett 0-0: Ball
1-0: Ball
2-0: Ball
3-0: Called Strike
3-1: Base on Balls
Ken Horn to third
Joe Rutherford to second
Batting: RHB Chris Rigney 0-0: Ball
1-0: Called Strike
1-1: Swinging Strike
1-2: Strikes out swinging
Top of the 5th over - 0 runs, 0 hits, 0 errors, 3 left on base; Seton Hall 0 - Washington State 2
BOTTOM OF THE 5TH
Washington State Cougars batting - Pitching for Seton Hall Pirates : RHP Todd Adams
Batting: RHB Merlin Dobbin 0-0: Swinging Strike
0-1: Reached on error, E1 (Groundball, 15S)
Batting: RHB Ian Hill 0-0: Called Strike
0-1: Swinging Strike
0-2: Ball
1-2: Ball
2-2: Foul Ball, location: 2F
2-2: Foul Ball, location: 2F
2-2: Ground out U3 (Groundball, 34)
Merlin Dobbin to third
Pitching: LHP Laurent Bélisle
Batting: RHB Jesse Pérez 0-0: Ball
1-0: Called Strike
1-1: Ball
2-1: Swinging Strike
2-2: SINGLE (Flyball, 7LS)
Merlin Dobbin scores
Batting: RHB Millard Cummings 0-0: 2-RUN HOME RUN (Flyball, 78XD), Distance : 385 ft
Batting: SHB Jeff Page 0-0: Ball
1-0: Ball
2-0: Ball
3-0: Base on Balls
Batting: LHB Andrew Guerrero 0-0: Ball
1-0: Swinging Strike
1-1: Fly out, F1 (Line Drive, 13)
Batting: RHB Julius Bell 0-0: Ball
1-0: Ball
2-0: Ground out U3 (Groundball, 34S)
Bottom of the 5th over - 3 runs, 2 hits, 1 error, 1 left on base; Seton Hall 0 - Washington State 5
TOP OF THE 6TH
Seton Hall Pirates batting - Pitching for Washington State Cougars : RHP Emílio Marín
Batting: RHB Matt Hidalgo 0-0: Ball
1-0: Swinging Strike
1-1: Ball
2-1: Ball
3-1: Foul Ball, location: 2F
3-2: Base on Balls
Batting: LHB Vernon Riley 0-0: Called Strike
0-1: Foul Ball, location: 2F
0-2: Strikes out looking
Batting: RHB Ray Hernández 0-0: Swinging Strike
0-1: Ball
1-1: SINGLE (Groundball, 4MS) (infield hit)
Matt Hidalgo to second
Batting: LHB Turner Burns 0-0: Ball
1-0: Ball
2-0: Ball
3-0: Called Strike
3-1: Foul Ball, location: 2F
3-2: Fielders Choice at 2nd, 3-6 (Groundball, 3)
Matt Hidalgo to third
Batting: RHB José Aponte 0-0: Ball
1-0: Swinging Strike
1-1: Ball
2-1: Ball
3-1: Base on Balls
Turner Burns to second
Batting: RHB Ken Horn 0-0: Ball
1-0: Foul Ball, location: 2F
1-1: Foul Ball, location: 2F
1-2: Strikes out looking
Top of the 6th over - 0 runs, 1 hit, 0 errors, 3 left on base; Seton Hall 0 - Washington State 5
BOTTOM OF THE 6TH
Washington State Cougars batting - Pitching for Seton Hall Pirates : LHP Laurent Bélisle
Batting: RHB Charlie Owens 0-0: Foul Ball, location: 2F
0-1: Ball
1-1: Ball
2-1: SOLO HOME RUN (Flyball, 7D), Distance : 353 ft
Batting: LHB Jorge Ramírez 0-0: Called Strike
0-1: Ground out 4-3 (Groundball, 4)
Batting: RHB Merlin Dobbin 0-0: Called Strike
0-1: Swinging Strike
0-2: Ball
1-2: Ball
2-2: Ball
3-2: Ground out 5-3 (Groundball, 5)
Batting: RHB Ian Hill 0-0: Foul Ball, location: 2F
0-1: Ball
1-1: SINGLE (Groundball, 25) (infield hit)
Batting: RHB Jesse Pérez 0-0: Ball
1-0: Called Strike
Ian Hill steals 2nd base
1-1: Ball
2-1: Called Strike
2-2: Strikes out swinging
Bottom of the 6th over - 1 run, 2 hits, 0 errors, 1 left on base; Seton Hall 0 - Washington State 6
TOP OF THE 7TH
Seton Hall Pirates batting - Pitching for Washington State Cougars : RHP Emílio Marín
Batting: LHB Joe Rutherford 0-0: Ball
1-0: Swinging Strike
1-1: SINGLE (Groundball, 4D)
Batting: SHB David Bennett 0-0: Foul Ball, location: 2F
0-1: 2-RUN HOME RUN (Flyball, 9LD), Distance : 337 ft
Batting: RHB Chris Rigney 0-0: Swinging Strike
0-1: Ball
1-1: Ball
2-1: Foul Ball, location: 2F
2-2: Ball
3-2: Base on Balls
Batting: RHB Matt Hidalgo 0-0: Called Strike
0-1: Ball
1-1: Swinging Strike
1-2: Strikes out swinging
Batting: LHB Vernon Riley 0-0: Grounds into double play, 4-6-3 (Groundball, 4)
Top of the 7th over - 2 runs, 2 hits, 0 errors, 0 left on base; Seton Hall 2 - Washington State 6
BOTTOM OF THE 7TH
Washington State Cougars batting - Pitching for Seton Hall Pirates : LHP Laurent Bélisle
Pitching: RHP Edwin Martin
Batting: RHB Millard Cummings 0-0: Ball
1-0: Fly out, F8 (Flyball, 8RM)
Batting: SHB Jeff Page 0-0: Ball
1-0: Ball
2-0: Fly out, F5 (Popup, 5F)
Batting: LHB Andrew Guerrero 0-0: Called Strike
0-1: Fly out, F8 (Flyball, 8LD)
Bottom of the 7th over - 0 runs, 0 hits, 0 errors, 0 left on base; Seton Hall 2 - Washington State 6
TOP OF THE 8TH
Seton Hall Pirates batting - Pitching for Washington State Cougars : RHP Emílio Marín
Pitching: RHP Travis Farmer
Batting: RHB Ray Hernández 0-0: Called Strike
0-1: SINGLE (Line Drive, 6D)
Batting: LHB Turner Burns 0-0: Swinging Strike
0-1: Swinging Strike
0-2: Ball
1-2: Foul Ball, location: 2F
1-2: Strikes out swinging
Batting: RHB José Aponte 0-0: Ball
1-0: Grounds into double play, 4-6-3 (Groundball, 4)
Top of the 8th over - 0 runs, 1 hit, 0 errors, 0 left on base; Seton Hall 2 - Washington State 6
BOTTOM OF THE 8TH
Washington State Cougars batting - Pitching for Seton Hall Pirates : RHP Edwin Martin
Batting: RHB Julius Bell 0-0: Ball
1-0: Called Strike
1-1: SINGLE (Line Drive, 7S)
Batting: RHB Charlie Owens 0-0: Ball
1-0: Foul Ball, location: 2F
1-1: Called Strike
1-2: Ball
2-2: 2-RUN HOME RUN (Flyball, 7LD), Distance : 319 ft
Batting: LHB Jorge Ramírez 0-0: Ball
1-0: Fly out, F8 (Flyball, 78D)
Batting: RHB Merlin Dobbin 0-0: SINGLE (Groundball, 25) (infield hit)
Batting: RHB Ian Hill 0-0: Called Strike
0-1: Ball
1-1: Fly out, F8 (Flyball, 78D)
Batting: RHB Jesse Pérez 0-0: Called Strike
0-1: Ball
Merlin Dobbin steals 2nd base
1-1: Swinging Strike
1-2: Foul Ball, location: 2F
1-2: Fly out, F7 (Flyball, 7LD)
Bottom of the 8th over - 2 runs, 3 hits, 0 errors, 1 left on base; Seton Hall 2 - Washington State 8
TOP OF THE 9TH
Seton Hall Pirates batting - Pitching for Washington State Cougars : RHP Travis Farmer
Batting: RHB Ken Horn 0-0: Ball
1-0: SINGLE (Line Drive, 8LS)
Batting: LHB Joe Rutherford 0-0: Foul Ball, location: 2F
0-1: Foul Ball, location: 2F
0-2: Foul Ball, location: 2F
0-2: Ball
1-2: Reached on error, E3 (Groundball, 34)
Ken Horn to second
Batting: SHB David Bennett 0-0: Ball
1-0: Ball
2-0: Called Strike
2-1: Called Strike
2-2: Ball
3-2: 3-RUN HOME RUN (Flyball, 8RXD), Distance : 402 ft
Pitching: RHP Pat Johnson
Batting: RHB Chris Rigney 0-0: Called Strike
0-1: Ball
1-1: Ball
2-1: Ball
3-1: Called Strike
3-2: Base on Balls
Batting: RHB Matt Hidalgo 0-0: Ball
1-0: Foul Ball, location: 2F
1-1: Ball
2-1: Grounds into double play, 4-6-3 (Groundball, 4)
Batting: LHB Vernon Riley 0-0: Fly out, F7 (Flyball, 7S)
Top of the 9th over - 3 runs, 2 hits, 1 error, 0 left on base; Seton Hall 5 - Washington State 8
Saturday, December 16th, 2017 - OOTP Baseball 18.8 Build 76